BLB
WINDY CITY BLUES @ CALIFORNIA KODIAKS
06/02/2060
 
TOP OF THE 1ST
Windy City Blues batting - Pitching for California Kodiaks : RHP Chase Lowe
Pitching: RHP Chase Lowe
Batting: RHB Ty Dec 0-0: Ball
1-0: Called Strike
1-1: Ball
2-1: Called Strike
2-2: Foul Ball, location: 2F
2-2: Strikes out swinging
Batting: LHB Rafael Rutkowski 0-0: Foul Ball, location: 2F
0-1: Ball
1-1: Called Strike
1-2: Foul Ball, location: 2F
1-2: Fly out, F8 (Flyball, 8LM, EV 79.4 MPH)
Batting: RHB Ezekiel Wolfson 0-0: Called Strike
0-1: Called Strike
0-2: Foul Ball, location: 2F
0-2: Foul Ball, location: 2F
0-2: Strikes out swinging, 2-3 out at first.
Top of the 1st over - 0 runs, 0 hits, 0 errors, 0 left on base; Windy City 0 - California 0
BOTTOM OF THE 1ST
California Kodiaks batting - Pitching for Windy City Blues : RHP James Peters
Pitching: RHP James Peters
Batting: LHB Stephen Caskey 0-0: Ground out 4-3 (Groundball, 4, EV 82.5 MPH)
Batting: RHB Hayden Cornett 0-0: Ball
1-0: Called Strike
1-1: Ball
2-1: Ball
3-1: TRIPLE (Flyball, 78XD, EV 108.8 MPH)
Batting: RHB Spencer Stephens 0-0: Swinging Strike
0-1: Called Strike
0-2: Foul Ball, location: 2F
0-2: Ball
1-2: Fly out, F9 (Flyball, 89S, EV 94.4 MPH)
Batting: RHB Stan Sikes 0-0: Called Strike
0-1: Foul Ball, location: 2F
0-2: Foul Ball, location: 2F
0-2: Strikes out swinging
Bottom of the 1st over - 0 runs, 1 hit, 0 errors, 1 left on base; Windy City 0 - California 0
TOP OF THE 2ND
Windy City Blues batting - Pitching for California Kodiaks : RHP Chase Lowe
Batting: RHB Dulani Cherry 0-0: Foul Ball, location: 2F
0-1: SINGLE (Flyball, 9S, EV 82.5 MPH)
Batting: LHB Josh Valentine 0-0: Ball
Dulani Cherry steals 2nd base
1-0: Called Strike
1-1: Foul Ball, location: 2F
1-2: Strikes out looking
Batting: RHB Corbin Herron 0-0: Ball
1-0: SINGLE (Line Drive, 34D, EV 109.4 MPH)
Dulani Cherry to third
Batting: RHB Adrien Jimenez 0-0: Ball
Corbin Herron steals 2nd base
1-0: Called Strike
1-1: Ball
2-1: Swinging Strike
2-2: Foul Ball, location: 2F
2-2: Foul Ball, location: 2F
2-2: Strikes out looking
Batting: RHB Brad Castro 0-0: Ball
1-0: Ball
2-0: Foul Ball, location: 2F
2-1: Ball
3-1: Base on Balls
Batting: RHB Jesse Dissen 0-0: Called Strike
0-1: Ball
1-1: Called Strike
1-2: Ball
2-2: Foul Ball, location: 2F
2-2: Fielders Choice at 2nd, U6 (Groundball, 6M, EV 106.2 MPH)
Top of the 2nd over - 0 runs, 2 hits, 0 errors, 3 left on base; Windy City 0 - California 0
BOTTOM OF THE 2ND
California Kodiaks batting - Pitching for Windy City Blues : RHP James Peters
Batting: LHB Idris Wnuk 0-0: Ball
1-0: Ball
2-0: Ball
3-0: Called Strike
3-1: Fly out, F7 (Flyball, 7LM, EV 78.8 MPH)
Batting: RHB C.J. Spicer 0-0: Ball
1-0: Ball
2-0: Foul Ball, location: 2F
2-1: Swinging Strike
2-2: Foul Ball, location: 2F
2-2: Ground out 5-3 (Groundball, 5S, EV 66.9 MPH)
Batting: LHB Sean Catron 0-0: Ball
1-0: Foul Ball, location: 2F
1-1: Ball
2-1: Foul Ball, location: 2F
2-2: Strikes out swinging
Bottom of the 2nd over - 0 runs, 0 hits, 0 errors, 0 left on base; Windy City 0 - California 0
TOP OF THE 3RD
Windy City Blues batting - Pitching for California Kodiaks : RHP Chase Lowe
Batting: RHB Ty Dec 0-0: Ball
1-0: Called Strike
1-1: Called Strike
1-2: Fly out, F7 (Line Drive, 7, EV 91.2 MPH)
Batting: LHB Rafael Rutkowski 0-0: SINGLE (Line Drive, 4D, EV 98.8 MPH)
Batting: RHB Ezekiel Wolfson 0-0: Swinging Strike
0-1: Swinging Strike
0-2: Ball
1-2: Foul Ball, location: 2F
1-2: Ball
2-2: SINGLE (Groundball, 15S, EV 67.5 MPH) (infield hit)
Rafael Rutkowski to second
Batting: RHB Dulani Cherry 0-0: Ball
1-0: Foul Ball, location: 2F
1-1: Called Strike
1-2: Strikes out swinging
Batting: LHB Josh Valentine 0-0: Ball
1-0: Ground out 4-3 (Groundball, 34, EV 83.1 MPH)
Top of the 3rd over - 0 runs, 2 hits, 0 errors, 2 left on base; Windy City 0 - California 0
BOTTOM OF THE 3RD
California Kodiaks batting - Pitching for Windy City Blues : RHP James Peters
Batting: RHB Mitt Saginashvili 0-0: Ball
1-0: Ground out 2-3 (Groundball, 2L, EV 68.1 MPH)
Batting: RHB Caron Wilson 0-0: Ball
1-0: Called Strike
1-1: Ball
2-1: Ball
3-1: Base on Balls
Batting: LHB Stephen Caskey 0-0: Grounds into double play, U3-6 (Groundball, 3L, EV 85.0 MPH)
Bottom of the 3rd over - 0 runs, 0 hits, 0 errors, 0 left on base; Windy City 0 - California 0
TOP OF THE 4TH
Windy City Blues batting - Pitching for California Kodiaks : RHP Chase Lowe
Batting: RHB Corbin Herron 0-0: SINGLE (Line Drive, 9S, EV 105.6 MPH)
Batting: RHB Adrien Jimenez 0-0: Foul Ball, location: 2F
0-1: Ball
1-1: Ball
2-1: DOUBLE (Line Drive, 89M, EV 96.9 MPH)
Corbin Herron to third
Runner from 3rd tries for Home, SAFE, throw by RF to home
Batting: RHB Brad Castro 0-0: Foul Ball, location: 2F
0-1: Ball
1-1: Foul Ball, location: 2F
1-2: Ground out 6-3 (Groundball, 6, EV 98.8 MPH)
Batting: RHB Jesse Dissen 0-0: Ball
1-0: Foul Ball, location: 2F
1-1: Called Strike
1-2: Ball
2-2: Ground out 6-3 (Groundball, 56D, EV 102.5 MPH)
Batting: RHB Ty Dec 0-0: DOUBLE (Line Drive, 78XD, EV 108.1 MPH)
Adrien Jimenez scores
Batting: LHB Rafael Rutkowski 0-0: Ball
1-0: Ball
2-0: Foul Ball, location: 2F
2-1: Ball
3-1: Called Strike
3-2: Foul Ball, location: 2F
3-2: Base on Balls
Pitching: RHP Graham Hunter
Batting: RHB Ezekiel Wolfson 0-0: Ball
1-0: Ball
2-0: SINGLE (Groundball, 6MD, EV 103.8 MPH)
Ty Dec to third
Rafael Rutkowski to second
Runner from 3rd tries for Home, SAFE, throw by CF to home
Batting: RHB Dulani Cherry 0-0: Fly out, F9 (Flyball, 9, EV 87.5 MPH)
Top of the 4th over - 3 runs, 4 hits, 0 errors, 2 left on base; Windy City 3 - California 0
BOTTOM OF THE 4TH
California Kodiaks batting - Pitching for Windy City Blues : RHP James Peters
Batting: RHB Hayden Cornett 0-0: Called Strike
0-1: Fly out, F9 (Flyball, 89S, EV 89.4 MPH)
Batting: RHB Spencer Stephens 0-0: Ball
1-0: Called Strike
1-1: Foul Ball, location: 2F
1-2: Foul Ball, location: 2F
1-2: Ball
2-2: Fly out, F8 (Flyball, 8LD, EV 91.2 MPH)
Batting: RHB Stan Sikes 0-0: Called Strike
0-1: Foul Ball, location: 2F
0-2: Foul Ball, location: 2F
0-2: Ball
1-2: Strikes out swinging
Bottom of the 4th over - 0 runs, 0 hits, 0 errors, 0 left on base; Windy City 3 - California 0
TOP OF THE 5TH
Windy City Blues batting - Pitching for California Kodiaks : RHP Graham Hunter
Batting: LHB Josh Valentine 0-0: Ball
1-0: Foul Ball, location: 2F
1-1: Ball
2-1: Fly out, F7 (Flyball, 7D, EV 104.4 MPH)
Batting: RHB Corbin Herron 0-0: Ball
1-0: Foul Ball, location: 2F
1-1: Swinging Strike
1-2: Ball
2-2: Foul Ball, location: 2F
2-2: Ground out U3 (Groundball, 34S, EV 87.5 MPH)
Batting: RHB Adrien Jimenez 0-0: Fly out, F7 (Flyball, 78S, EV 81.9 MPH)
Top of the 5th over - 0 runs, 0 hits, 0 errors, 0 left on base; Windy City 3 - California 0
BOTTOM OF THE 5TH
California Kodiaks batting - Pitching for Windy City Blues : RHP James Peters
Batting: LHB Idris Wnuk 0-0: Ball
1-0: Called Strike
1-1: Ball
2-1: SINGLE (Line Drive, 8RS, EV 96.9 MPH)
Batting: RHB C.J. Spicer 0-0: Foul Ball, location: 2F
0-1: Ball
1-1: Ball
2-1: Fly out, F9 (Flyball, 9LS, EV 92.5 MPH)
Batting: LHB Sean Catron 0-0: Swinging Strike
0-1: Fielders Choice at 2nd, 3-6 (Groundball, 3, EV 83.8 MPH)
Batting: RHB Mitt Saginashvili 0-0: Swinging Strike
0-1: Ball
1-1: Foul Ball, location: 2F
1-2: Ball
2-2: Ball
3-2: Strikes out swinging
Bottom of the 5th over - 0 runs, 1 hit, 0 errors, 1 left on base; Windy City 3 - California 0
TOP OF THE 6TH
Windy City Blues batting - Pitching for California Kodiaks : RHP Graham Hunter
Batting: RHB Brad Castro 0-0: Ball
1-0: Ground out 6-3 (Groundball, 56, EV 106.2 MPH)
Batting: RHB Jesse Dissen 0-0: Called Strike
0-1: Ball
1-1: Ball
2-1: Ground out 5-3 (Groundball, 6S, EV 68.1 MPH)
Batting: RHB Ty Dec 0-0: Foul Ball, location: 2F
0-1: Ball
1-1: Swinging Strike
1-2: Ball
2-2: Foul Ball, location: 2F
2-2: SINGLE (Line Drive, 7S, EV 84.4 MPH)
Batting: LHB Rafael Rutkowski 0-0: Ball
1-0: Fly out, F8 (Flyball, 8RD, EV 98.1 MPH)
Top of the 6th over - 0 runs, 1 hit, 0 errors, 1 left on base; Windy City 3 - California 0
BOTTOM OF THE 6TH
California Kodiaks batting - Pitching for Windy City Blues : RHP James Peters
Batting: RHB Caron Wilson 0-0: Ball
1-0: Ball
2-0: Fly out, F9 (Flyball, 9LM, EV 85.6 MPH)
Batting: LHB Stephen Caskey 0-0: Ball
1-0: Ground out U3 (Groundball, 3, EV 108.8 MPH)
Batting: RHB Hayden Cornett 0-0: Ball
1-0: Called Strike
1-1: Called Strike
1-2: Strikes out swinging
Bottom of the 6th over - 0 runs, 0 hits, 0 errors, 0 left on base; Windy City 3 - California 0
TOP OF THE 7TH
Windy City Blues batting - Pitching for California Kodiaks : RHP Graham Hunter
Batting: RHB Ezekiel Wolfson 0-0: Ball
1-0: Ball
2-0: Called Strike
2-1: Ball
3-1: Base on Balls
Pitching: LHP Aubrey Wheelwright
Batting: RHB Dulani Cherry 0-0: Called Strike
Ezekiel Wolfson steals 2nd base (no throw)
0-1: Ball
1-1: Foul Ball, location: 2F
1-2: Foul Ball, location: 2F
1-2: Foul Ball, location: 2F
1-2: Strikes out swinging
Batting: LHB Josh Valentine 0-0: Called Strike
0-1: Swinging Strike
0-2: Strikes out swinging
Batting: RHB Corbin Herron 0-0: Ball
1-0: Called Strike
1-1: Ball
2-1: Foul Ball, location: 2F
2-2: Ball
3-2: Foul Ball, location: 2F
3-2: Foul Ball, location: 2F
3-2: Strikes out swinging
Top of the 7th over - 0 runs, 0 hits, 0 errors, 1 left on base; Windy City 3 - California 0
BOTTOM OF THE 7TH
California Kodiaks batting - Pitching for Windy City Blues : RHP James Peters
Batting: RHB Spencer Stephens 0-0: Ball
1-0: Foul Ball, location: 2F
1-1: Ball
2-1: Called Strike
2-2: Ball
3-2: Strikes out swinging
Batting: RHB Stan Sikes 0-0: Swinging Strike
0-1: Ball
1-1: Ball
2-1: Ball
3-1: Called Strike
3-2: Foul Ball, location: 2F
3-2: SINGLE (Groundball, 4MD, EV 96.9 MPH)
Pitching: RHP R.V. Weatherby
Batting: LHB Idris Wnuk 0-0: Foul Ball, location: 2F
0-1: Called Strike
0-2: Foul Ball, location: 2F
0-2: Foul Ball, location: 2F
0-2: Ball
1-2: Hit by Pitch
Stan Sikes to second
Batting: RHB C.J. Spicer 0-0: Called Strike
0-1: Ball
1-1: Ball
2-1: Ball
3-1: Base on Balls
Stan Sikes to third
Idris Wnuk to second
Batting: LHB Sean Catron 0-0: Ball
1-0: SINGLE (Groundball, 34D, EV 96.2 MPH)
Stan Sikes scores
Idris Wnuk to third
C.J. Spicer to second
Batting: RHB Mitt Saginashvili 0-0: Ball
1-0: SINGLE (Groundball, 56, EV 107.5 MPH)
Idris Wnuk scores
C.J. Spicer to third
Sean Catron to second
Batting: RHB Caron Wilson 0-0: Ball
1-0: Called Strike
1-1: Foul Ball, location: 2F
1-2: SINGLE (Groundball, 56D, EV 109.4 MPH)
C.J. Spicer scores
Sean Catron to third
Mitt Saginashvili to second
Batting: LHB Stephen Caskey 0-0: Called Strike
0-1: Swinging Strike
0-2: Strikes out swinging
Batting: RHB Hayden Cornett 0-0: Called Strike
0-1: Foul Ball, location: 2F
0-2: Ball
1-2: Strikes out looking
Bottom of the 7th over - 3 runs, 4 hits, 0 errors, 3 left on base; Windy City 3 - California 3
TOP OF THE 8TH
Windy City Blues batting - Pitching for California Kodiaks : LHP Aubrey Wheelwright
Batting: RHB Adrien Jimenez 0-0: Ball
1-0: Swinging Strike
1-1: Foul Ball, location: 2F
1-2: Ball
2-2: Strikes out swinging
Batting: RHB Brad Castro 0-0: Ball
1-0: Swinging Strike
1-1: Foul Ball, location: 2F
1-2: Ball
2-2: Strikes out swinging
Batting: RHB Jesse Dissen 0-0: Called Strike
0-1: DOUBLE (Flyball, 9LD, EV 99.4 MPH)
Batting: RHB Ty Dec 0-0: Called Strike
0-1: Fly out, F7 (Flyball, 7LD, EV 89.4 MPH)
Top of the 8th over - 0 runs, 1 hit, 0 errors, 1 left on base; Windy City 3 - California 3
BOTTOM OF THE 8TH
California Kodiaks batting - Pitching for Windy City Blues : RHP R.V. Weatherby
Batting: RHB Spencer Stephens 0-0: Ball
1-0: Foul Ball, location: 2F
1-1: Called Strike
1-2: Strikes out swinging
Batting: RHB Stan Sikes 0-0: Ball
1-0: Foul Ball, location: 2F
1-1: Called Strike
1-2: Foul Ball, location: 2F
1-2: Ball
2-2: Ball
3-2: Strikes out swinging
Batting: LHB Idris Wnuk 0-0: Foul Ball, location: 2F
0-1: Ball
1-1: SINGLE (Groundball, 4MD, EV 105.0 MPH)
Pitching: LHP Cooper Ritchey
Batting: RHB C.J. Spicer 0-0: Called Strike
0-1: Ball
1-1: Ball
2-1: Ball
3-1: Foul Ball, location: 2F
3-2: Ground out U3 (Groundball, 13, EV 92.5 MPH)
Bottom of the 8th over - 0 runs, 1 hit, 0 errors, 1 left on base; Windy City 3 - California 3
TOP OF THE 9TH
Windy City Blues batting - Pitching for California Kodiaks : LHP Aubrey Wheelwright
Batting: LHB Rafael Rutkowski 0-0: Foul Ball, location: 2F
0-1: Ball
1-1: Fly out, F7 (Line Drive, 7LS, EV 94.4 MPH)
Batting: RHB Ezekiel Wolfson 0-0: Ball
1-0: Foul Ball, location: 2F
1-1: SINGLE (Groundball, 34D, EV 97.5 MPH)
Pitching: RHP Nic McClelland
Batting: RHB Dulani Cherry 0-0: Grounds into double play, 4-6-3 (Groundball, 4MD, EV 102.5 MPH)
Top of the 9th over - 0 runs, 1 hit, 0 errors, 0 left on base; Windy City 3 - California 3
BOTTOM OF THE 9TH
California Kodiaks batting - Pitching for Windy City Blues : LHP Cooper Ritchey
Pinch Hitting: RHB Dante Nunn 0-0: Ball
1-0: Called Strike
1-1: Ball
2-1: Ball
3-1: Foul Ball, location: 2F
3-2: Ground out 6-3 (Groundball, 6MS, EV 71.2 MPH)
Batting: RHB Mitt Saginashvili 0-0: Ball
1-0: Ball
2-0: Fly out, F9 (Line Drive, 89M, EV 90.6 MPH)
Batting: RHB Caron Wilson 0-0: Ground out 4-3 (Groundball, 4, EV 88.8 MPH)
Bottom of the 9th over - 0 runs, 0 hits, 0 errors, 0 left on base; Windy City 3 - California 3
TOP OF THE 10TH
Windy City Blues batting - Pitching for California Kodiaks : RHP Nic McClelland
Now at C: Al Wagner
Batting: LHB Josh Valentine 0-0: Ground out U3 (Groundball, 34S, EV 87.5 MPH)
Batting: RHB Corbin Herron 0-0: Foul Ball, location: 2F
0-1: Swinging Strike
0-2: Strikes out swinging
Batting: RHB Adrien Jimenez 0-0: Foul Ball, location: 2F
0-1: Ball
1-1: Ball
2-1: Foul Ball, location: 2F
2-2: Reached via error on a dropped throw from 3B, E3 (Groundball, 56S, EV 81.2 MPH)
Batting: RHB Brad Castro 0-0: SINGLE (Groundball, 5S, EV 63.8 MPH) (infield hit)
Adrien Jimenez to second
Batting: RHB Jesse Dissen 0-0: Ball
1-0: Ball
2-0: Foul Ball, location: 2F
2-1: Ball
3-1: Fly out, F2 (Popup, 2RF, EV 92.5 MPH)
Top of the 10th over - 0 runs, 1 hit, 1 error, 2 left on base; Windy City 3 - California 3
BOTTOM OF THE 10TH
California Kodiaks batting - Pitching for Windy City Blues : LHP Cooper Ritchey
Batting: LHB Stephen Caskey 0-0: Called Strike
0-1: Swinging Strike
0-2: Ball
1-2: Fly out, F9 (Flyball, 89M, EV 85.6 MPH)
Batting: RHB Hayden Cornett 0-0: Called Strike
0-1: Ball
1-1: Called Strike
1-2: Strikes out swinging
Batting: RHB Spencer Stephens 0-0: Ball
1-0: Swinging Strike
1-1: Ball
2-1: Ball
3-1: Called Strike
3-2: Base on Balls
Batting: RHB Stan Sikes 0-0: 2-RUN HOME RUN (Line Drive, 78XD, EV 114.4 MPH), Distance : 411 ft
Bottom of the 10th over - 2 runs, 1 hit, 0 errors, 0 left on base; Windy City 3 - California 5
Sunday, May 5th , 2024 - OOTP Baseball 23.10 Build 110